AoeStats
← Gérard Archer

Pilgrims

509685475Analyzed
2v2 RM · 6d ago on Sep 27, 2026· 23m 50s· 4 players
Game mode
Random Map
Map size
Medium (4 player)
Population
200
Speed
Normal
Resources
Standard
Victory
Conquest
Starting age
Dark Age
Ending age
Imperial Age
RankedLock teamsTeams togetherTeam positionsShared explorationLock speedFull tech treeHidden civsTurbo modeCheats
Victory
Defeat
🇫🇷 Wei · France
771
+14
🇫🇷 Teutons · France
719
+16
🇪🇸 Britons · Spain
730
-32
🇪🇸 Spanish · Spain
730
-32
NinhoCrema
16:42 Feudal Age
19:07 Wheelbarrow
19:38 Fishing Lines
23:25 Man-at-Arms
QuenelleBoy92
13:39 Loom
16:49 Feudal Age
20:35 Wheelbarrow
Gérard Archer
7:36 Loom
9:49 Feudal Age
11:34 Double-Bit Axe
20:20 Castle Age
19:46 Scale Barding Armor
19:27 Horse Collar
19:47 Gold Mining
21:55 Fishing Lines
24:09 Medium Warships
kinge564
10:30 Feudal Age
17:37 Gold Mining
20:03 Castle Age
17:57 Arson
18:26 Man-at-Arms
19:15 Horse Collar
21:43 Wheelbarrow
20:53 Loom
22:04 Stone Mining
21:50 Long Swordsman
22:16 Gambesons
23:25 Squires
Connection lost

Rejoining the realm…

Still unreachable

The connection could not be restored.

Session expired

The server has moved on; the page needs a fresh start.